 Dungeon Crawl Stone Soup version 0.19.0-19-g8c6edcc (webtiles) character file.

136 HungrySpirit the Skirmisher (level 4, -1/35 HPs)
             Began as a Mummy Gladiator on Nov 13, 2016.
             Slain by a centaur skeleton (5 damage)
             ... on level 4 of the Dungeon.
             The game lasted 00:03:11 (2997 turns).

HungrySpirit the Skirmisher (Mummy Gladiator)       Turns: 2997, Time: 00:03:11

Health: -1/35      AC:  4    Str: 19    XL:     4   Next: 98%
Magic:  4/4        EV: 12    Int:  7    God:
Gold:   145        SH:  0    Dex: 12    Spells: 0 memorised, 3 levels left

rFire  x . .     SeeInvis .     m - +0 whip (elec)
rCold  + . .     Gourm    .     b - +0 leather armour
rNeg   + + +     Faith    .     (no shield)
rPois  ∞         Spirit   .     c - +0 helmet
rElec  .         Reflect  .     (no cloak)
rCorr  .         Harm     .     (no gloves)
MR     .....                    (no boots)
Stlth  +.........               (no amulet)
                                (no ring)
                                (no ring)

@: no status effects
A: no food or potions, fire vulnerability, cold resistance 1, negative energy
resistance 3, torment resistance, unbreathing
a: no special abilities


You were on level 4 of the Dungeon.
You were not hungry.

You visited 1 branch of the dungeon, and saw 4 of its levels.

You collected 145 gold pieces.

Inventory:

Hand Weapons
 m - a +0 whip of electrocution (weapon)
Missiles
 d - 3 throwing nets (quivered)
Armour
 b - a +0 leather armour (worn)
 c - a +0 helmet (worn)
Wands
 j - a wand of flame (15/48)
Scrolls
 a - 3 scrolls of teleportation {unknown}
 e - a scroll of random uselessness {unknown}
 f - a scroll of recharging {unknown}
 g - 3 scrolls of identify {unknown}
 h - a scroll of noise {unknown}
 i - a scroll of enchant weapon {unknown}
 k - 5 scrolls of remove curse {unknown}
 l - 2 scrolls of fear {unknown}
 n - 2 scrolls of blinking {unknown}
 o - a scroll of magic mapping {unknown}


   Skills:
 + Level 3.3 Fighting
   Level 3.1(3.5) Axes
 * Level 2.3(3.1) Maces & Flails
 - Level 1.5 Throwing
 - Level 2.4 Dodging


You had 3 spell levels left.
You didn't know any spells.

Dungeon Overview and Level Annotations

Branches:
Dungeon (4/15)             Temple (0/1) D:4

Altars:
Dithmenos


Innate Abilities, Weirdness & Mutations

You do not eat or drink.
Your flesh is vulnerable to fire.
You are immune to poison.
Your flesh is cold resistant. (rC+)
You are immune to negative energy. (rN+++)
You are immune to unholy pain and torment.
You can survive without breathing.


Message History

The orc priest is lightly wounded.
The centaur skeleton barely misses you.
Unknown command.
You completely miss the orc priest.
The orc priest is lightly wounded.
The orc barely misses you. The orc priest barely misses you.
The centaur skeleton hits you.
* * * LOW HITPOINT WARNING * * *
Unknown command.
You hit the orc priest.
The orc priest is lightly wounded.
The centaur skeleton barely misses you. The orc priest barely misses you.
The orc barely misses you.
The orc wizard gestures wildly while chanting.
The orc wizard blinks!
Unknown command.
You hit the orc priest.
There is a sudden explosion of sparks!
The orc priest is almost dead.
The centaur skeleton hits you.
You die...

..####.###..##########.
#.####.#### #.
...####.##......#######.
.......................>
.#####.##.#..#.######..
#....##.#..#.# #..
#....##.##.#.######..
#....#...............
####@######.#######.#
....o.ooZ...##.#........
#.#...o{....##..........
#.........###.........
#.........# #...!.....
...........# ##.#####.#
...#........####.#####.#
...#........#...........
#.......[...


You could see an orc priest, an orc wizard, 2 orcs and a centaur skeleton.

Vanquished Creatures
  A bullfrog skeleton (D:4)
  3 adders
  2 worms (D:2)
  A dart slug (D:2)
  A leopard gecko (D:1)
  5 orcs (D:3)
  3 giant cockroaches
  7 goblins
  9 hobgoblins
  6 jackals
  A ball python (D:1)
  4 bats
  2 frilled lizards
  11 kobolds
  7 rats
63 creatures vanquished.

Notes
Turn   | Place    | Note
-------+----------+-------------------------------------------
     0 | D:1      | HungrySpirit the Mummy Gladiator began the quest for the Orb.
     0 | D:1      | Reached XP level 1. HP: 16/16 MP: 1/1
   169 | D:1      | Reached XP level 2. HP: 21/23 MP: 2/2
   960 | D:2      | Reached XP level 3. HP: 21/28 MP: 3/3
  1184 | D:2      | HP: 1/28 [adder (4)]
  1187 | D:2      | Reached skill level 1 in Maces & Flails
  1190 | D:2      | HP: 1/28 [hobgoblin/club (1)]
  1711 | D:2      | Found a shadowy altar of Dithmenos.
  1767 | D:2      | Reached XP level 4. HP: 34/34 MP: 4/4
  2981 | D:4      | Found a staircase to the Ecumenical Temple.
  2997 | D:4      | Slain by a centaur skeleton

Skill      XL: |  1  2  3  4 |
---------------+-------------+-----
Axes           | 3 |  3.1
Maces & Flails | 1 2 |  2.3
Fighting       | 3 |  3.3
Throwing       | |  1.5
Dodging        | |  2.4

Action                   |  1- 3 |  4- 6 || total
-------------------------+-------+-------++-------
Melee: War axe           |    60 |       ||    60
       Whip              |    77 |    72 ||   149
Evoke: Wand              |     2 |       ||     2
Armor: Leather armour    |    42 |    19 ||    61
Dodge: Dodged            |   112 |    50 ||   162
